 Dungeon Crawl Stone Soup version 0.18.1-50-g88ac8fd (webtiles) character file.

119 Gargoyl the Distorting Demonspawn (level 4, 0/35 HPs)
             Began as a Demonspawn Abyssal Knight on Sept 27, 2016.
             Was a Believer of Lugonu.
             Slain by a worm (5 damage)
             ... on level 3 of the Dungeon.
             The game lasted 00:05:00 (3112 turns).

Gargoyl the Distorting Demonspawn (DsAK)            Turns: 3112, Time: 00:05:01

Health: 0/35       AC:  6    Str: 13    XL:     4   Next: 74%
Magic:  6/6        EV: 11    Int: 13    God:    Lugonu [**....]
Gold:   96         SH:  0    Dex: 21    Spells: 0 memorised, 3 levels left

rFire  . . .     SeeInvis .     v - +0 war axe
rCold  . . .     Gourm    .     j - +0 ring mail
rNeg   . . .     Faith    .     (no shield)
rPois  .         Spirit   .     (no helmet)
rElec  +         Dismiss  .     i - +0 cloak of the Engineer {rElec Dex+2} (curse)
rCorr  .         Reflect  .     (no gloves)
SustAt .         Harm     .     (no boots)
MR     .....                    (no amulet)
Stlth  +.........               (no ring)
                                s - +6 ring of dexterity

@: not resistant to hostile enchantments, very unstealthy
A: claws 1, demonic guardian 1
a: Depart the Abyss, Bend Space, Renounce Religion


You were on level 3 of the Dungeon.
You worshipped Lugonu.
Lugonu was pleased with you.
You were not hungry.

You visited 1 branch of the dungeon, and saw 3 of its levels.
You visited the Abyss 1 time.

You collected 96 gold pieces.

Inventory:

Hand Weapons
 a - a +1 hand axe
 v - a +0 war axe (weapon)
Missiles
 k - 2 javelins (quivered)
 q - 6 tomahawks
Armour
 i - the cursed +0 cloak of the Engineer (worn) {rElec Dex+2}
   (You found it on level 2 of the Abyss)

   It affects your dexterity (+2).
   It insulates you from electricity.
   It has a curse placed upon it.
 j - a +0 ring mail (worn)
Jewellery
 s - a +6 ring of dexterity (left claw)
Wands
 e - a wand of digging (13/24)
Scrolls
 f - a scroll of magic mapping {unknown}
 l - 2 scrolls of identify
 n - a scroll of remove curse {unknown}
 p - a scroll of fear {unknown}
 t - a scroll of teleportation {unknown}
Potions
 b - 3 potions of cure mutation {unknown}
 h - a potion of curing {unknown}
 o - a potion of degeneration {unknown}
Comestibles
 c - 2 bread rations
 d - 12 fruits
 g - a meat ration
 m - a beef jerky
 r - a royal jelly
 u - 2 chunks of flesh


   Skills:
 + Level 3.3 Fighting
 + Level 2.3 Axes
 * Level 3.1 Armour
 + Level 1.7 Dodging
 * Level 3.5 Invocations


You had 3 spell levels left.
You didn't know any spells.

Dungeon Overview and Level Annotations

Branches:
Dungeon (3/15)

Altars:


Innate Abilities, Weirdness & Mutations

You have sharp fingernails.
A weak demonic guardian rushes to your aid.


Message History

The rat closely misses you. The worm bites you. The rat closely misses you.
Things that are here:
a war axe; a leather armour Unknown command.
You barely miss the worm.
The worm is lightly wounded.
You hit the rat.
You kill the rat!
Lugonu accepts your kill. The worm bites you!
* * * LOW HITPOINT WARNING * * *
You barely miss the worm.
The worm is lightly wounded.
The worm bites you.
* * * LOW HITPOINT WARNING * * *
You hit the worm.
The worm is moderately wounded.
The worm bites you.
You die...

##..................
#......###..########
#......# #..........
##......###.#########
###..######...#########.
#...........#.#.........
..#.....................
###..........##.........
###..........#..@w..>...
.#######................
>..#####................
##.........#.##.........
#.##...####.##.........
##....................<.
........###..##.........
........# #####..###.
...#..#..#


You could see a worm.

Vanquished Creatures
  6 adders
  An ooze (D:2)
  A worm (D:2)
  3 giant geckos
  An orc (D:3)
  3 giant cockroaches (D:2)
  4 goblins
  10 hobgoblins
  2 jackals (D:1)
  9 kobolds
  A quokka (D:2)
  9 bats
  2 giant newts
  6 rats
58 creatures vanquished.

Notes
Turn   | Place    | Note
--------------------------------------------------------------
     0 | Abyss:1  | Gargoyl the Demonspawn Abyssal Knight began the quest for the Orb.
     0 | Abyss:1  | Reached XP level 1. HP: 18/18 MP: 2/2
   105 | Abyss:2  | Noticed a small abomination
   118 | Abyss:2  | Got a brightly glowing cloak
   119 | D:1      | Escaped the Abyss
   125 | D:1      | Identified the cursed +0 cloak of the Engineer {rElec Dex+2} (You found it on level 2 of the Abyss)
   576 | D:1      | Gained mutation: A weak demonic guardian rushes to your aid. [demonic ancestry]
   576 | D:1      | Reached XP level 2. HP: 24/24 MP: 4/4
   601 | D:1      | Reached * piety under Lugonu
  1356 | D:2      | Reached skill level 1 in Dodging
  1356 | D:2      | Gained mutation: You have sharp fingernails. [demonic ancestry]
  1356 | D:2      | Reached XP level 3. HP: 29/29 MP: 5/5
  1665 | D:2      | Reached ** piety under Lugonu
  2139 | D:2      | Reached XP level 4. HP: 16/35 MP: 6/6
  3112 | D:3      | Slain by a worm

Skill      XL: |  1  2  3  4 |
---------------+-------------+-----
Armour         | 2 3 |  3.1
Axes           | 2 |  2.3
Invocations    | 3 |  3.5
Dodging        | 1 |  1.7
Fighting       | |  3.3

Action                   |  1- 3 |  4- 6 || total
-------------------------+-------+-------++-------
Melee: Hand axe          |   148 |    41 ||   189
       War axe           |       |    18 ||    18
Invok: Depart the Abyss  |     1 |       ||     1
  Use: Scroll            |     1 |       ||     1
  Eat: Chunk             |     3 |     4 ||     7
Armor: Ring mail         |    81 |    26 ||   107
       Leather armour    |     2 |       ||     2
Dodge: Dodged            |    90 |    36 ||   126
